 Dungeon Crawl Stone Soup version 0.32-a0-960-g3814254bd7 (webtiles) character file.

Game seed: 13527804976197500323

13753 uglyjohn the Pandemonic (level 11, 0/92 HPs)
             Began as a Mountain Dwarf Monk on Apr 17, 2024.
             Was a High Priest of Makhleb.
             Slain by a komodo dragon (22 damage)
             ... on level 1 of the Lair of Beasts.
             The game lasted 00:25:33 (11103 turns).

uglyjohn the Pandemonic (Mountain Dwarf Monk)      Turns: 11103, Time: 00:25:34

Health: 0/92       AC: 19    Str: 18    XL:     11   Next: 79%
Magic:  25/25      EV: 10    Int: 11    God:    Makhleb [*****.]
Gold:   291        SH:  0    Dex: 12    Spells: 10/10 levels left

rFire   . . .        L - +5 battleaxe
rCold   . . .        (shield currently unavailable)
rNeg    . . .        G - +0 swamp dragon scales
rPois   +            q - +0 helmet
rElec   .            C - +0 cloak
rCorr   .            A - +0 pair of gloves
SInv    +            i - +1 pair of boots
Will    +....        (no amulet)
Stlth   +            r - ring of see invisible
HPRegen 0.35/turn    z - +4 ring of protection
MPRegen 0.19/turn

%: no passive effects
@: no status effects
A: runic magic, artefact enchanting
a: Renounce Religion, Minor Destruction, Lesser Servant of Makhleb, Major
Destruction, Greater Servant of Makhleb


You were on level 1 of the Lair of Beasts.
You worshipped Makhleb.
Makhleb was extremely pleased with you.
You visited 3 branches of the dungeon, and saw 13 of its levels.
You also visited: Sewer.

You collected 452 gold pieces.
You spent 161 gold pieces at shops.

Inventory:

Hand Weapons
 a - a +0 hand axe
 L - a +5 battleaxe (weapon)
Armour
 f - a +0 chain mail
 i - a +1 pair of boots (worn)
 q - a +0 helmet (worn)
 A - a +0 pair of gloves (worn)
 C - a +0 cloak (worn)
 G - +0 swamp dragon scales (worn)
Jewellery
 r - a ring of see invisible (left hand)
 y - a ring of positive energy
 z - a +4 ring of protection (right hand)
 E - a +6 ring of intelligence
 K - a ring of protection from fire
 M - a ring of protection from cold
Wands
 H - a wand of warping (6)
 J - a wand of digging (3)
 N - a wand of polymorph (5)
Scrolls
 b - a scroll of brand weapon {unknown}
 d - a scroll of silence {unknown}
 e - a scroll of enchant weapon {unknown}
 g - 3 scrolls of teleportation {unknown}
 h - a scroll of revelation {unknown}
 j - 11 scrolls of identify {unknown}
 o - 2 scrolls of immolation {unknown}
 p - 2 scrolls of noise {unknown}
 u - a scroll of torment {unknown}
 v - a scroll of butterflies {unknown}
 w - a scroll of vulnerability {unknown}
 B - a scroll of enchant armour {unknown}
 I - a scroll of amnesia {unknown}
Potions
 c - 2 potions of haste {unknown}
 k - 3 potions of attraction {unknown}
 l - 5 potions of curing
 m - a potion of magic {unknown}
 n - 6 potions of lignification {unknown}
 s - 3 potions of might {unknown}
 t - 2 potions of cancellation {unknown}
 x - 4 potions of heal wounds
 D - 2 potions of berserk rage {unknown}
 F - 2 potions of enlightenment {unknown}


   Skills:
 + Level 7.0 Fighting
 + Level 7.6 Axes
 + Level 7.0 Armour
 - Level 2.1 Dodging
 - Level 20.2 Invocations


You had 10 spell levels left.
You didn't know any spells.
Your spell library contained the following spells:

 Spells                   Type           Power      Damage    Failure   Level
 Apportation              Tloc           0%         N/A       36%         1
 Magic Dart               Conj           0%         1d3       36%         1
 Necrotise                Necr           0%         1d4       36%         1
 Sting                    Conj/Alch      0%         1d3       36%         1
 Summon Small Mammal      Summ           0%         N/A       36%         1
 Lesser Beckoning         Tloc           0%         N/A       52%         2
 Searing Ray              Conj           0%         2d4       52%         2
 Frozen Ramparts          Ice            0%         1d1       75%         3
 Maxwell's Portable Pile  Tloc           0%         2d(5-13)  75%         3
 Ozocubu's Armour         Ice            0%         N/A       75%         3
 Teleport Other           Tloc           0%         N/A       75%         3
 Tukima's Dance           Hex            0%         N/A       75%         3
 Dimensional Bullseye     Hex/Tloc       0%         N/A       98%         4
 Fulminant Prism          Conj/Alch      0%         3d5       98%         4
 Iskenderun's Mystic Bla Conj/Tloc 0%             2d3        (+2d1     98%         4
 Metabolic Englaciation   Hex/Ice        0%         N/A       100%        5


Dungeon Overview and Level Annotations

Branches:
Dungeon (11/15)            Temple (1/1) D:4            Lair (1/5) D:9
  Sewer (visited)
    Orc: D:9-12

Altars:
Ashenzari
Cheibriados
Dithmenos
Elyvilon
Fedhas
Gozag
Hepliaklqana
Kikubaaqudgha
Makhleb
Nemelex Xobeh
Okawaru
Qazlal
Ru
Sif Muna
Trog
Uskayaw
Vehumet
Wu Jian
Xom
Yredelemnul
Zin
The Shining One

Shops:
D:6 (![

Annotations:
D:2 1 runed translucent door, Crazy Yiuf


Innate Abilities, Weirdness & Mutations

Your spellcasting is much less encumbered by armour.
You can use scrolls of enchantment on lesser artefacts.


Message History

You kill the wolf!
Makhleb accepts your kill.
You feel better.
Your Armour skill increases to level 7!
You can't see any hostile targets in range.
A komodo dragon comes into view.
A komodo dragon is nearby!
A komodo dragon is nearby!
A komodo dragon is nearby!
You can't see any hostile targets in range.
The komodo dragon hisses angrily.
Your line of fire to the komodo dragon is blocked by a fungus.
Your line of fire to the komodo dragon is blocked by a fungus.
Your line of fire to the komodo dragon is blocked by a fungus.
The zap hits the komodo dragon.
The komodo dragon is lightly wounded.
The komodo dragon bites you but does no damage.
The zap hits the komodo dragon.
The komodo dragon is moderately wounded.
The komodo dragon barely misses you.
The puff of flame hits the komodo dragon.
The komodo dragon is moderately wounded.
The komodo dragon bites you!
The zap hits the komodo dragon.
The komodo dragon is moderately wounded.
The komodo dragon bites you!
The puff of flame hits the komodo dragon.
The komodo dragon is heavily wounded.
The komodo dragon bites you!
The komodo dragon writhes in agony.
The komodo dragon bites you!!
You are too injured to fight recklessly!
You are too injured to fight recklessly!
Aiming: Major Destruction (0% risk of failure)
Press: ? - help, Shift-Dir - straight line, f/p - komodo dragon
Aim: a komodo dragon (heavily wounded)
The bolt of lightning hits the komodo dragon.
The komodo dragon is severely wounded.
You hear a croak.
You hear an angry hiss.
The komodo dragon bites you!!
You die...

..##.#..#P#.##.##.###....
# #....####........h...
#.....##..#.##.......
#.#.......#######...##
#....#####..†........ ...
#..###P.#..# #.## #†.#
###.#######†.#
#..†@...†..†.#
#.#lP#.####..# #...####
##.# ......# ..# #####.#
.... #.P ##... ..# ♣.>.
#.# ...


You could see a komodo dragon.

Vanquished Creatures
  Erica (D:11)
  3 two-headed ogres
  Nergalle (D:10)
  A cyclops (D:11)
  A manticore (D:11)
  A cane toad (Lair:1)
  Maggie (D:9)
  Sigmund (D:2)
  A vampire (D:9)
  3 wyverns
  19 yaks
  3 vampire mosquitoes (D:10)
  A steam dragon (D:6)
  2 water moccasins
  4 acid dragons
  2 orc warriors
  2 ice beasts
  7 ogres
  7 wolves (Lair:1)
  A centaur (D:7)
  4 kobold brigands
  2 bullfrogs
  3 gnoll sergeants
  4 scorpions
  9 wights
  11 killer bees
  4 howler monkeys
  2 orc priests
  4 hounds
  3 jellies
  A sleepcap (D:6)
  Terence (D:3)
  2 iguanas
  11 orc wizards
  10 adders
  15 gnolls
  A river rat (Sewer)
  3 shadow imps
  A white imp (D:5)
  2 ufetubi (D:7)
  2 dart slugs
  3 ribbon worms
  22 orcs
  10 ball pythons
  A bat (D:2)
  13 endoplasms
  12 giant cockroaches
  3 goblins (D:1)
  5 hobgoblins
  3 quokkas
  5 frilled lizards
  20 kobolds
  4 rats
258 creatures vanquished.

Vanquished Creatures (collateral kills)
  2 trolls (D:9)
  A howler monkey (D:9)
3 creatures vanquished.

Grand Total: 261 creatures vanquished

Notes
Turn   | Place    | Note
-------+----------+-------------------------------------------
     0 | D:1      | uglyjohn the Mountain Dwarf Monk began the quest for the
                  | Orb.
     0 | D:1      | Reached XP level 1. HP: 19/19 MP: 1/1
   128 | D:1      | Reached skill level 1 in Armour
   138 | D:1      | Reached XP level 2. HP: 25/26 MP: 2/2
   988 | D:2      | Reached XP level 3. HP: 19/33 MP: 3/3
  1342 | D:2      | Reached XP level 4. HP: 35/40 MP: 4/4
  1506 | D:2      | Noticed Sigmund
  1536 | D:2      | HP: 1/40 [Sigmund/+0 scythe (6)]
  1540 | D:2      | Killed Sigmund
  1541 | D:2      | Reached skill level 5 in Axes
  1541 | D:2      | Reached XP level 5. HP: 9/47 MP: 5/5
  1923 | D:2      | Found a runed translucent door.
  1924 | D:2      | Noticed Crazy Yiuf
  2539 | D:3      | Reached XP level 6. HP: 50/53 MP: 6/6
  2772 | D:3      | Noticed Terence
  2783 | D:3      | Killed Terence
  3026 | D:4      | Found a staircase to the Ecumenical Temple.
  3042 | Temple   | Entered the Ecumenical Temple
  3112 | D:4      | Reached skill level 2 in Invocations
  3331 | D:4      | Found a sparkling altar of Nemelex Xobeh.
  3332 | D:4      | Found a burning altar of Makhleb.
  3332 | D:4      | Found a glowing golden altar of the Shining One.
  3334 | D:4      | Found a sacrificial altar of Ru.
  3344 | D:4      | Became a worshipper of Makhleb the Destroyer
  3344 | D:4      | Reached * piety under Makhleb
  3344 | D:4      | Reached ** piety under Makhleb
  3561 | D:4      | Reached skill level 4 in Invocations
  3613 | D:5      | Entered Level 5 of the Dungeon
  3616 | D:5      | Reached XP level 7. HP: 59/60 MP: 10/10
  3629 | D:5      | Reached skill level 5 in Invocations
  3638 | D:5      | Reached skill level 6 in Invocations
  3648 | D:5      | Reached skill level 7 in Invocations
  3794 | D:5      | Reached skill level 8 in Invocations
  3873 | D:5      | Reached XP level 8. HP: 62/67 MP: 14/14
  3902 | D:5      | Found a glowing drain.
  3906 | Sewer    | Entered a sewer
  4263 | Sewer    | Reached skill level 9 in Invocations
  4562 | D:5      | Reached *** piety under Makhleb
  4563 | D:5      | Reached skill level 10 in Invocations
  4925 | D:6      | Reached skill level 11 in Invocations
  4933 | D:6      | Found Raepu's Weapon Emporium.
  5035 | D:6      | Reached skill level 12 in Invocations
  5164 | D:6      | Reached XP level 9. HP: 34/73 MP: 18/18
  5315 | D:6      | Found Caqeocw's Distillery.
  5324 | D:6      | Bought a potion of curing for 42 gold pieces
  5324 | D:6      | Bought a potion of heal wounds for 70 gold pieces
  5435 | D:6      | Found Lygg's Armour Boutique.
  5440 | D:6      | Bought a +0 pair of gloves for 49 gold pieces
  5694 | D:7      | Reached skill level 13 in Invocations
  6156 | D:7      | Reached skill level 14 in Invocations
  6173 | D:7      | Reached **** piety under Makhleb
  6385 | D:8      | Noticed a two-headed ogre
  6408 | D:8      | Killed a two-headed ogre
  6409 | D:8      | Reached skill level 15 in Invocations
  6412 | D:8      | Reached skill level 16 in Invocations
  6903 | D:8      | Reached XP level 10. HP: 71/80 MP: 22/22
  7036 | D:9      | Reached skill level 17 in Invocations
  7468 | D:9      | HP: 1/80 [acid dragon/splash of acid (26)]
  7674 | D:9      | Noticed Maggie
  7689 | D:9      | Killed Maggie
  7690 | D:9      | Reached skill level 18 in Invocations
  8193 | D:9      | Found a staircase to the Lair.
  8368 | D:10     | Entered Level 10 of the Dungeon
  8422 | D:10     | Reached skill level 19 in Invocations
  8465 | D:10     | Noticed a two-headed ogre
  8650 | D:10     | Killed a two-headed ogre
  8651 | D:10     | Reached XP level 11. HP: 58/85 MP: 24/24
  8808 | D:10     | Reached skill level 20 in Invocations
  8951 | D:10     | Found the +6 shillelagh "Devastator" {shatter}
  9176 | D:10     | Reached skill level 5 in Fighting
  9176 | D:10     | Reached skill level 5 in Armour
  9178 | D:10     | Reached ***** piety under Makhleb
  9272 | D:10     | Noticed Nergalle
  9285 | D:10     | Killed Nergalle
 10078 | D:11     | Noticed Erica
 10089 | D:11     | Killed Erica
 10757 | D:11     | Noticed a two-headed ogre
 10761 | D:11     | Killed a two-headed ogre
 10960 | Lair:1   | Entered Level 1 of the Lair of Beasts
 11103 | Lair:1   | Slain by a komodo dragon

Illustrated notes

Levels and vault maps discovered:
D:1:      kennysheep_arrival_seaside, layout_basic, minmay_worlds_worst_comb
D:2:      layout_basic, uniq_crazy_yiuf_cottage, uniq_sigmund
D:3:      layout_basic, uniq_terence
D:4:      layout_rooms, chequers_temple_overflow_statue_of_worship,
          minmay_temple_entry_mini_moons, minmay_misc_feat_four_crosses,
          grunt_ministairs_7
D:5:      layout_basic, serial_curves, eino_curves_04, eino_curves_04,
          mainiacjoe_sewer_entry_somewhere_in_here_2
D:6:      layout_basic, serial_shops, shop, nicolae_square_shop,
          nicolae_square_shop
D:7:      layout_rooms
D:8:      layout_basic, lightli_minifort
D:9:      layout_rooms, dpeg_oklobed_lair, grunt_ministairs_15, uniq_maggie
D:10:     layout_basic, enter_bailey_2, uniq_nergalle
D:11:     layout_irregular_city, uniq_erica
Temple:   nicolae_temple_no_exploring_needed
Lair:1:   layout_loops_ring, beast_lair_carwin_4, serial_bayou_shore_b,
          grunt_megastairs_1, uniq_joseph

Skill      XL: |  1  2  3  4  5  6  7  8  9 10 11 |
---------------+----------------------------------+-----
Armour         | 1 2 4 7 |  7.0
Axes           | 4 5 7 |  7.6
Fighting       | 4 7 |  7.0
Invocations    | 4 8 12 16 19 20 | 20.2
Dodging        | |  2.1

Action                     |  1- 3 |  4- 6 |  7- 9 | 10-12 || total
---------------------------+-------+-------+-------+-------++-------
  Melee: Hand axe          |   103 |   146 |     6 |    22 ||   277
         Battleaxe         |       |       |       |    11 ||    11
 Invoke: Minor Destruction |       |    15 |   237 |   316 ||   568
         Major Destruction |       |       |       |     8 ||     8
         Lesser Servant of |       |       |       |     2 ||     2
  Evoke: Wand              |       |       |       |     2 ||     2
    Use: Potion            |       |     1 |       |     1 ||     2
 Armour: Robe              |    21 |       |       |       ||    21
         Chain mail        |    52 |   113 |    95 |   160 ||   420
         Swamp dragon scal |       |       |       |   104 ||   104
  Dodge: Dodged            |    40 |    47 |    43 |   112 ||   242

Table legend: (Time is in decaauts)
 A = Elapsed time spent in this place.
 B = Non-inter-level travel time spent in this place.
 C = Inter-level travel time spent in this place.
 D = Time resting spent in this place.
 E = Time spent auto-exploring this place.
 F = Levels seen in this place.
 G = Mean time per level.
                   A        B        C        D        E       F      G
               +--------+--------+--------+--------+--------+-----+--------+
         Total |  11236 |  10565 |    671 |   2111 |   6554 |  14 |  802.6 |
       Dungeon |  10499 |   9829 |    670 |   2011 |   6153 |  11 |  954.5 |
        Temple |      1 |      0 |      1 |      0 |      0 |   1 |    1.0 |
          Lair |    142 |    142 |      0 |      0 |     84 |   1 |  142.0 |
         Sewer |    593 |    593 |      0 |    100 |    316 |   1 |  593.0 |
               +--------+--------+--------+--------+--------+-----+--------+

Top non-repeatable levels by time:
    D:10: 1338 daAuts
     D:9: 1232 daAuts
     D:8: 1095 daAuts
     D:2: 1086 daAuts
     D:1: 968 daAuts
    D:11: 918 daAuts
     D:3: 880 daAuts
     D:6: 865 daAuts
     D:5: 714 daAuts
     D:7: 702 daAuts
     D:4: 697 daAuts
   Sewer: 593 daAuts
  Lair:1: 142 daAuts
  Temple: 1 daAuts
